 Dungeon Crawl Stone Soup version 0.20.0 (webtiles) character file.

1149 FakerFangirl the Basher (level 8, -1/67 HPs)
             Began as a Pale Draconian Fighter on May 26, 2017.
             Slain by a gnoll
             ... wielding a +0 spear
              (3 damage)
             ... on level 5 of the Dungeon.
             The game lasted 00:05:07 (4284 turns).

FakerFangirl the Basher (Pale Draconian Fighter)    Turns: 4284, Time: 00:05:08

Health: -1/67      AC:  9    Str: 18    XL:     8   Next: 15%
Magic:  8/8        EV: 11    Int:  9    God:
Gold:   80         SH:  9    Dex: 13    Spells: 7/7 levels left

rFire    . . .     SeeInvis .   Y - +2 flail
rCold    . . .     Gourm    .   b - +0 shield
rNeg     . . .     Faith    .   (armour unavailable)
rPois    .         Spirit   .   (helmet restricted)
rElec    .         Reflect  .   g - +2 cloak
rCorr    .         Harm     .   (no gloves)
MR       .....                  (no boots)
Stlth    +.........             (no amulet)
Regen    0.3/turn               (no ring)
MPRegen  0.2/turn               (no ring)

@: about to teleport
A: breathe steam, unfitting armour, cold-blooded, AC +6
a: Breathe Steam


You were on level 5 of the Dungeon.
You were hungry.

You visited 2 branches of the dungeon, and saw 6 of its levels.

You collected 327 gold pieces.
You spent 247 gold pieces at shops.


Innate Abilities, Weirdness & Mutations

You can breathe blasts of scalding, opaque steam.
Your pale cyan-grey scales are hard. (AC +6)
You cannot fit into any form of body armour.
You are cold-blooded and may be slowed by cold attacks.


   Skills:
 + Level 4.7 Fighting
 - Level 8.9 Maces & Flails
 - Level 2.6 Dodging
 - Level 4.3 Shields


You had 7 spell levels left.
You didn't know any spells.

Inventory:

Hand Weapons
 Y - a +2 flail (weapon)
Missiles
 l - a tomahawk (quivered)
Armour
 b - a +0 shield (worn)
 g - a +2 cloak (worn)
Scrolls
 e - 7 scrolls of identify
Potions
 c - 3 potions of might
 f - 2 potions of curing
 h - a potion of haste
 j - a potion of mutation
 k - a potion of heal wounds
Comestibles
 a - 3 chunks of flesh
 d - 2 bread rations
 p - 2 meat rations

Dungeon Overview and Level Annotations

Branches:
Dungeon (5/15)             Temple (1/1) D:4

Altars:
Ashenzari
Fedhas
Gozag
Hepliaklqana
Makhleb
Nemelex Xobeh
Okawaru
Ru
Trog
Uskayaw
Yredelemnul
Zin

Shops:
D:5 *

Annotations:
D:5 Pikel


Message History

You hit Pikel. You tail-slap Pikel, but do no damage.
Pikel is almost dead.
You are feeling hungry.
You block Pikel's attack. The gnoll hits you but does no damage.
The howler monkey skeleton hits you but does no damage.
The slave closely misses you. Pikel hits you but does no damage.
You block the gnoll's attack.
The howler monkey skeleton barely misses you.
You hit Pikel but do no damage.
Pikel is almost dead.
You feel yourself speed up. The slave hits you!
Pikel hits you with a whip of freezing. Pikel freezes you.
The gnoll hits you from afar with a spear!
The howler monkey skeleton hits you but does no damage.
4284 ||| READING scroll of teleportation.
As you read the scroll of teleportation, it crumbles to dust.
You feel strangely unstable. The slave hits you but does no damage.
You block Pikel's attack.
The gnoll hits you from afar with a spear.
You die...

################
.........##.P..#
########.PPPP~P##
.......PP~PPP~P.#
....<.~PP~7~~P..#
#(#PPPP7~~~P.~..######
P~P.~~7~~~PPP#........
~P~~~7PP~P.###.p####.###.
P~77~7PP.....#gZ@Kppp....
~~~77PPP.....$g#####.....
P~~7~7PPP......# ###
~P~7~~~P.P.......


.PP ~~~7~PPPPP.#)# ~~~~~~~~P#^# .PP~P7~~P# # P..~~PP(P# ...%..#..# You could see
Pikel, 4 slaves, 2 gnolls and a howler monkey skeleton.

Vanquished Creatures
  The ghost of azarias the Archer, a novice CeAM (D:5)
  Sigmund (D:5)
  The ghost of FakerFangirl the Cudgeler, an amateur DrFi (D:3)
  A phantom (D:4)
  An ogre (D:4)
  A howler monkey (D:5)
  2 hounds (D:4)
  A bullfrog skeleton (D:4)
  A centaur skeleton (D:5)
  An orc wizard (D:4)
  An iguana (D:4)
  3 worker ants
  A hound zombie (D:4)
  3 gnolls (D:3)
  3 adders
  An ooze (D:2)
  2 worms
  2 dart slugs
  2 leopard geckos (D:4)
  11 orcs
  6 bats
  5 giant cockroaches
  5 goblins
  9 hobgoblins
  10 jackals
  A quokka (D:4)
  4 ball pythons
  7 frilled lizards
  A jackal skeleton (D:4)
  6 kobolds
  5 rats
99 creatures vanquished.

Notes
Turn   | Place    | Note
-------+----------+-------------------------------------------
     0 | D:1      | FakerFangirl the Draconian Fighter began the quest for the Orb.
     0 | D:1      | Reached XP level 1. HP: 19/19 MP: 1/1
     0 | D:1      | 0 ||| counter = 56
   185 | D:1      | Reached XP level 2. HP: 26/26 MP: 2/2
   673 | D:1      | Reached skill level 3 in Maces & Flails
   702 | D:1      | 702 ||| READING scroll labeled SOGIDY OBAO.
   703 | D:1      | 703 ||| READING scroll labeled WIFFYSU VEVA.
   780 | D:2      | Reached XP level 3. HP: 31/31 MP: 3/3
   985 | D:2      | Found a blossoming altar of Fedhas.
  1172 | D:2      | Reached skill level 4 in Maces & Flails
  1320 | D:2      | 1320 ||| UPGRADING to glowing scarf.
  1325 | D:2      | 1325 ||| REMOVING scarf of cloud immunity.
  1330 | D:2      | 1330 ||| DROPPING scarf of cloud immunity.
  1331 | D:2      | 1331 ||| READING scroll labeled ONITARCH JOBAU.
  1332 | D:2      | 1332 ||| READING scroll labeled NIWKUI BOTE.
  1333 | D:2      | 1333 ||| READING scroll labeled LIERRI LEIHYULL.
  1334 | D:2      | 1334 ||| READING 2 scrolls of identify.
  1334 | D:2      | 1334 ||| IDENTIFYING metallic pink potion
  1335 | D:2      | 1335 ||| DROPPING potion of ambrosia.
  1358 | D:3      | 1358 ||| STAIRDANCE
  1568 | D:3      | Reached XP level 4. HP: 32/38 MP: 4/4
  1687 | D:3      | Noticed FakerFangirl's ghost (amateur DrFi)
  1708 | D:3      | Killed FakerFangirl's ghost
  1708 | D:3      | Reached skill level 5 in Maces & Flails
  1708 | D:3      | Reached XP level 5. HP: 15/45 MP: 5/5
  1985 | D:3      | 1985 ||| Stepping ~*~*~tactically~*~*~ (outnumbered).
  2378 | D:3      | Reached skill level 6 in Maces & Flails
  2512 | D:3      | 2512 ||| READING scroll labeled XILIUV BEEFAH.
  2513 | D:3      | 2513 ||| READING scroll labeled MOHAQEQ MAFIGI.
  2514 | D:3      | 2514 ||| READING 2 scrolls labeled OTARUCOCOE.
  2515 | D:3      | 2515 ||| READING scroll labeled QILUSA AQATEITE.
  2516 | D:3      | 2516 ||| DRINKING 3 fuming orange potions.
  2517 | D:3      | 2517 ||| READING 5 scrolls of identify.
  2517 | D:3      | 2517 ||| IDENTIFYING pink potion
  2518 | D:3      | 2518 ||| READING 4 scrolls of identify.
  2518 | D:3      | 2518 ||| IDENTIFYING white potion
  2519 | D:3      | 2519 ||| DROPPING 2 potions of agility.
  2615 | D:4      | Reached XP level 6. HP: 41/52 MP: 6/6
  2670 | D:4      | Found a shattered altar of Ashenzari.
  2734 | D:4      | Found a glowing silver altar of Zin.
  2734 | D:4      | Found a burning altar of Makhleb.
  2735 | D:4      | Noticed a blizzard demon
  2735 | D:4      | Noticed an angel
  3111 | D:4      | Reached skill level 7 in Maces & Flails
  3129 | D:4      | Found a staircase to the Ecumenical Temple.
  3157 | Temple   | Entered the Ecumenical Temple
  3158 | Temple   | 3158 ||| Entered T.
  3426 | Temple   | 3426 ||| UPGRADING to cloak.
  3431 | Temple   | 3431 ||| READING scroll of enchant armour.
  3431 | Temple   | 3431 ||| ENCHANTING +0 cloak.
  3475 | Temple   | 3475 ||| READING scroll labeled RYMPULEIDI.
  3490 | D:4      | Your scales start taking on a pale cyan-grey colour.
  3490 | D:4      | Reached XP level 7. HP: 57/59 MP: 7/7
  3520 | D:4      | 3520 ||| DRINKING potion of curing.
  3520 | D:4      | 3520 ||| (to cure confusion)
  3556 | D:4      | 3556 ||| Stepping ~*~*~tactically~*~*~ (outnumbered).
  3558 | D:4      | 3558 ||| Stepping ~*~*~tactically~*~*~ (outnumbered).
  3559 | D:4      | 3559 ||| Stepping ~*~*~tactically~*~*~ (outnumbered).
  3560 | D:4      | 3560 ||| Stepping ~*~*~tactically~*~*~ (outnumbered).
  3561 | D:4      | 3561 ||| Stepping ~*~*~tactically~*~*~ (outnumbered).
  3843 | D:4      | 3843 ||| UPGRADING to pair of runed gloves.
  3848 | D:4      | 3848 ||| READING scroll of remove curse.
  3849 | D:4      | 3849 ||| REMOVING -2 pair of gloves.
  3854 | D:4      | 3854 ||| DROPPING -2 pair of gloves.
  3868 | D:5      | Entered Level 5 of the Dungeon
  3888 | D:5      | 3888 ||| READING scroll of enchant weapon.
  3888 | D:5      | 3888 ||| ENCHANTING +1 flail.
  3901 | D:5      | Found Ittampoo's General Store.
  3905 | D:5      | Noticed azarias's ghost (novice CeAM)
  3933 | D:5      | Killed azarias's ghost
  3933 | D:5      | Reached skill level 8 in Maces & Flails
  4070 | D:5      | 4070 ||| SHOPLISTING amulet of regeneration (330 gold, have 303).
  4070 | D:5      | Bought a scroll of enchant armour for 82 gold pieces
  4070 | D:5      | Bought a scroll of identify for 22 gold pieces
  4070 | D:5      | Bought a potion of haste for 110 gold pieces
  4070 | D:5      | Bought a potion of curing for 33 gold pieces
  4070 | D:5      | 4070 ||| READING scroll of enchant armour.
  4070 | D:5      | 4070 ||| ENCHANTING +1 cloak.
  4115 | D:5      | Noticed Sigmund
  4130 | D:5      | Killed Sigmund
  4130 | D:5      | Reached XP level 8. HP: 50/66 MP: 8/8
  4225 | D:5      | 4225 ||| Stepping ~*~*~tactically~*~*~ (water).
  4258 | D:5      | Noticed Pikel
  4283 | D:5      | HP: 11/67 [Pikel/whip of freezing (6)]
  4283 | D:5      | HP: 1/67 [gnoll/spear (9)]
  4284 | D:5      | 4284 ||| READING scroll of teleportation.
  4284 | D:5      | Slain by a gnoll

Vault maps used:
D:1:      evilmike_arrival_plus
D:2:      fedhas_altar_3
D:3:      first_bread, kennysheep_potato
D:4:      grunt_temple_overflow_order_and_chaos_2, ashenzari_altar_1,
          minmay_temple_entry_water_ring, serial_glass, glass_columns_a,
          glass_columns_a
D:5:      serial_shops, nicolae_shop_trees, nicolae_shop_stone, shop, shop,
          serial_bayou_lagoon_a, uniq_pikel, uniq_sigmund, uniq_duvessa
Temple:   compressed_dpeg_triangle_lava_temple

Skill      XL: |  1  2  3  4  5  6  7 |
---------------+----------------------+-----
Maces & Flails | 3 4 5 6 7 8 |  8.9
Fighting       | 4 |  4.7
Shields        | 4 |  4.3
Dodging        | |  2.6

Action                   |  1- 3 |  4- 6 |  7- 9 || total
-------------------------+-------+-------+-------++-------
Melee: Flail             |   129 |   170 |   100 ||   399
       Tailslap          |    12 |    25 |    15 ||    52
Throw: Tomahawk          |     5 |    44 |    10 ||    59
  Use: Scroll            |     6 |     8 |     4 ||    18
       Potion            |       |     1 |     1 ||     2
  Eat: Chunk             |     2 |     6 |     3 ||    11
Armor: Skin              |    20 |    35 |    30 ||    85
Dodge: Dodged            |    55 |    67 |    41 ||   163
Block: Shield            |    54 |    78 |    51 ||   183
